Mustangs vs Mulligans
Created - December 11, 2017 at 19:32
Goals
|
| Mustangs |
1 |
2 |
0 |
3 |
| Mulligans |
0 |
1 |
1 |
2 |
|
Shots
|
| Mustangs |
16 |
14 |
12 |
42 |
| Mulligans |
13 |
13 |
12 |
38 |
|
1st period
1. Mustangs , Josh Jooris 22 (Riley Sheahan 32) at 8:55 (PP)
Penalties :
Cade Fairchild (Rep) for High sticking (Minor) at 8:46
2nd period
2. Mustangs , Raphael Bussieres 1 (Scott Mayfield 5, Derek Joslin 9) at 0:57
3. Mustangs , Andreas Athanasiou 3 (Brady Skjei 14) at 11:29
4. Mulligans , Matt Beleskey 11 (Benn Ferriero 10, Maxime Macenauer 18) at 12:05
Penalties :
Matt Niskanen (Rep) for Holding (Minor) at 16:55
3rd period
5. Mulligans , Eric Tangradi 22 (Cade Fairchild 4, Christoph Bertschy 5) at 5:30
Penalties :
Nick Shore (Rep) for Roughing (Minor) at 10:43, Logan Shaw (Rep) for Goalie Interference (Minor) at 17:26, Josh Jooris (Ham) for Hooking (Minor) at 17:32
Goalie Stats
Peter Mannino (Ham), 36 saves from 38 shots - (0.947), W, 11-8-3, 60:00 minutes
Anders Lindback (Rep), 39 saves from 42 shots - (0.929), L, 9-9-1, 59:45 minutes
Players Stats for Mustangs
Player Name G A P +/- PIM S H SB GA TA FO MP PP MP PK MP
------------------------------------------------------------------------------------
Alexei Marchenko 0 0 0 -1 0 1 0 0 0 1 0/0 19:34 1:37 0:00
Andreas Athanasiou 1 0 1 1 0 3 2 0 0 0 0/4 12:09 0:00 0:03
Andrew Shaw 0 0 0 -1 0 5 3 0 0 0 0/0 16:09 1:34 0:00
Brady Skjei 0 1 1 1 0 4 0 1 0 1 0/0 25:56 2:36 0:06
Cameron Gaunce 0 0 0 1 0 1 5 1 3 0 0/0 25:56 2:36 0:06
Curtis Hamilton 0 0 0 1 0 0 0 0 0 1 0/0 12:06 0:05 0:00
Derek Joslin 0 1 1 0 0 6 1 0 1 1 0/0 14:30 0:00 0:00
Francis Paré 0 0 0 1 0 2 0 0 1 0 0/2 10:00 0:00 0:00
Jim O'Brien 0 0 0 -1 0 2 2 0 0 0 4/12 16:14 1:39 0:03
Josh Jooris 1 0 1 -1 2 4 2 0 1 1 2/3 20:17 2:33 0:00
Joshua Leivo 0 0 0 -1 0 2 2 0 1 0 0/1 16:12 1:34 0:06
Justin Williams 0 0 0 1 0 3 0 0 1 0 0/0 12:33 0:05 0:00
Marcus Foligno 0 0 0 -1 0 1 2 0 1 2 0/0 21:10 2:34 0:00
Mark Pysyk 0 0 0 -1 0 0 2 0 2 0 0/0 19:34 1:37 0:00
Raphael Bussieres 1 0 1 1 0 2 1 0 0 0 0/0 10:00 0:00 0:00
Rick Schofield 0 0 0 1 0 4 0 0 2 0 1/4 10:00 0:00 0:00
Riley Sheahan 0 1 1 -1 0 2 1 0 1 0 14/36 21:10 2:34 0:00
Scott Mayfield 0 1 1 0 0 0 0 1 0 1 0/0 14:30 0:00 0:00
Players Stats for Mulligans
Player Name G A P +/- PIM S H SB GA TA FO MP PP MP PK MP
------------------------------------------------------------------------------------
Anton Lander 0 0 0 1 0 3 1 2 0 0 20/37 21:20 0:00 2:31
Ben Hutton 0 0 0 1 0 0 2 1 0 1 0/0 11:19 0:00 0:00
Benn Ferriero 0 1 1 -1 0 3 0 1 0 2 0/0 16:22 0:06 0:58
Cade Fairchild 0 1 1 1 2 3 0 0 0 0 0/0 12:50 0:00 1:29
Christoph Bertschy 0 1 1 0 0 0 0 1 0 1 2/2 12:25 0:00 0:00
Cody Goloubef 0 0 0 0 0 2 1 2 0 0 0/0 17:25 0:06 1:38
Dalton Thrower 0 0 0 0 0 0 1 0 0 0 0/0 6:32 0:00 0:10
Darren Dietz 0 0 0 0 0 0 1 0 1 0 0/0 7:26 0:00 1:16
Eric Tangradi 1 0 1 1 0 6 3 2 0 1 2/2 18:21 0:00 0:00
Jonathan Tremblay 0 0 0 1 0 2 0 0 1 1 1/1 19:56 0:00 2:31
Joonas Donskoi 0 0 0 0 0 2 1 0 1 0 0/0 9:59 0:00 0:55
Logan Shaw 0 0 0 0 2 1 2 0 1 2 2/2 12:12 0:00 0:00
Matt Beleskey 1 0 1 -1 0 6 0 0 2 1 2/3 15:05 0:06 0:00
Matt Donovan 0 0 0 -1 0 2 1 0 0 0 0/0 24:45 0:00 2:35
Matt Niskanen 0 0 0 -1 2 2 1 1 0 3 0/0 24:04 0:00 1:18
Maxime Macenauer 0 1 1 -1 0 2 0 0 1 1 9/11 16:22 0:06 0:58
Nick Shore 0 0 0 0 2 0 0 0 0 0 3/4 8:42 0:00 0:00
Reid Boucher 0 0 0 0 0 2 0 0 0 0 0/0 8:40 0:00 0:00
Sven Baertschi 0 0 0 0 0 1 1 0 1 0 0/0 14:00 0:00 0:33
Thomas Hickey 0 0 0 0 0 1 0 2 0 1 0/0 16:05 0:06 0:00
3 Stars
1 - Peter Mannino (Ham)
2 - Eric Tangradi (Rep)
3 - Andreas Athanasiou (Ham)
Power Play
Mustangs - 1 on 4 Attempt(s) - 25.00%
Mulligans - 0 on 1 Attempt(s) - 0.00%
Penalty Kill
Mustangs - 1 on 1 Attempt(s) - 100.00%
- Score 0 goal in Penalty Kill
Mulligans - 3 on 4 Attempt(s) - 75.00%
- Score 0 goal in Penalty Kill
Team Stat
Mustangs - Hits : 23 - Faceoff Wins : 21 - Blocked Shots : 3 - Penalty Minutes : 2
Mulligans - Hits : 15 - Faceoff Wins : 41 - Blocked Shots : 12 - Penalty Minutes : 8
Official
Referees : Dwyer Gord and McCreary Bill
Linesman : Scott Driscoll and Jonny Murray
Game Notes
No Game Note
Finance
Level 1 -- Attendance: 1482 (74.10%) -- Ticket Income $37,050
Level 2 -- Attendance: 797 (79.70%) -- Ticket Income $9,564
Total Attendance: 2279 (75.97%)
Total Ticket Income: $46,614
Other Income: $2,331
Total Income: $48,945
Mustangs
5 vs 5 Forward
Center Left Wing Right Wing Time % Phy DF OF
1 Riley Sheahan Marcus Foligno Josh Jooris 40 1 2 2
2 Jim O'Brien Joshua Leivo Andrew Shaw 30 1 2 2
3 Andreas Athanasiou Curtis Hamilton Justin Williams 20 1 2 2
4 Rick Schofield Raphael Bussieres Francis Paré 10 1 2 2
5 vs 5 Defense
Defense Defense Time % Phy DF OF
1 Cameron Gaunce Brady Skjei 44 1 2 2
2 Alexei Marchenko Mark Pysyk 33 1 2 2
3 Derek Joslin Scott Mayfield 23 1 2 2
4 Cameron Gaunce Brady Skjei 0 1 2 2
PowerPlay Forward
Center Left Wing Right Wing Time % Phy DF OF
1 Riley Sheahan Marcus Foligno Josh Jooris 60 1 2 2
2 Jim O'Brien Joshua Leivo Andrew Shaw 40 1 2 2
PowerPlay Defense
Defense Defense Time % Phy DF OF
1 Cameron Gaunce Brady Skjei 60 1 2 2
2 Alexei Marchenko Mark Pysyk 40 1 2 2
Penalty Kill 4 Players Forward
Center Wing Time % Phy DF OF
1 Riley Sheahan Marcus Foligno 60 1 2 2
2 Jim O'Brien Josh Jooris 40 1 2 2
Penalty Kill 4 Players Defense
Defense Defense Time % Phy DF OF
1 Cameron Gaunce Brady Skjei 60 1 2 2
2 Alexei Marchenko Mark Pysyk 40 1 2 2
Penalty Kill - 3 Players Forward
Forward Time % Phy DF OF
1 Riley Sheahan 60 1 2 2
2 Jim O'Brien 40 1 2 2
Penalty Kill - 3 Players Defense
Defense Defense Time % Phy DF OF
1 Cameron Gaunce Brady Skjei 60 1 2 2
2 Alexei Marchenko Mark Pysyk 40 1 2 2
4 vs 4 Forward
Center Wing Time % Phy DF OF
1 Riley Sheahan Marcus Foligno 60 1 2 2
2 Jim O'Brien Josh Jooris 40 1 2 2
4 vs 4 Defense
Defense Defense Time % Phy DF OF
1 Cameron Gaunce Brady Skjei 60 1 2 2
2 Alexei Marchenko Mark Pysyk 40 1 2 2
Last Minutes Offensive
Center Left Wing Right Wing Defense Defense
Riley Sheahan Marcus Foligno Josh Jooris Cameron Gaunce Brady Skjei
Last Minutes Defensive
Center Left Wing Right Wing Defense Defense
Riley Sheahan Marcus Foligno Josh Jooris Cameron Gaunce Brady Skjei
Goaltenders
Starting : Peter Mannino
Backup : Chet Pickard
Extra Forwards
Normal : Riley Sheahan, Andrew Shaw, Justin Williams - PP : Riley Sheahan, Andrew Shaw - PK : Marcus Foligno
Extra Defensemen
Normal : Cameron Gaunce, Alexei Marchenko, Derek Joslin - PP : Cameron Gaunce - PK : Alexei Marchenko, Derek Joslin
Penalty Shots
Andreas Athanasiou, Rick Schofield, Andrew Shaw, Marcus Foligno, Josh Jooris
Scratches
Roman Horak (Healthy), Jerome Samson (Broken Right Foot Toe Injury), Dominik Uher (Healthy), Joe Finley (Healthy), Eric Knodel (Healthy)
Matthew Finn (Healthy), Danny Biega (Healthy), Sam Kurker (Healthy), Max Gortz (Healthy), Denis Bodrov (Healthy)
Riley Nash (Healthy), Justin Peters (Healthy), Joacim Eriksson (Healthy)
Mulligans
5 vs 5 Forward
Center Left Wing Right Wing Time % Phy DF OF
1 Anton Lander Eric Tangradi Jonathan Tremblay 40 0 2 3
2 Maxime Macenauer Matt Beleskey Benn Ferriero 30 0 2 3
3 Christoph Bertschy Sven Baertschi Logan Shaw 20 0 2 3
4 Nick Shore Reid Boucher Joonas Donskoi 10 0 2 3
5 vs 5 Defense
Defense Defense Time % Phy DF OF
1 Matt Niskanen Matt Donovan 40 0 3 2
2 Cody Goloubef Thomas Hickey 30 0 3 2
3 Ben Hutton Cade Fairchild 20 0 3 2
4 Dalton Thrower Darren Dietz 10 0 3 2
PowerPlay Forward
Center Left Wing Right Wing Time % Phy DF OF
1 Anton Lander Eric Tangradi Jonathan Tremblay 60 0 1 4
2 Maxime Macenauer Matt Beleskey Benn Ferriero 40 0 1 4
PowerPlay Defense
Defense Defense Time % Phy DF OF
1 Matt Niskanen Matt Donovan 60 0 2 3
2 Cody Goloubef Thomas Hickey 40 0 2 3
Penalty Kill 4 Players Forward
Center Wing Time % Phy DF OF
1 Anton Lander Jonathan Tremblay 60 1 2 2
2 Maxime Macenauer Benn Ferriero 40 1 2 2
Penalty Kill 4 Players Defense
Defense Defense Time % Phy DF OF
1 Matt Niskanen Matt Donovan 60 1 2 2
2 Cody Goloubef Cade Fairchild 40 1 2 2
Penalty Kill - 3 Players Forward
Forward Time % Phy DF OF
1 Eric Tangradi 60 1 2 2
2 Jonathan Tremblay 40 1 2 2
Penalty Kill - 3 Players Defense
Defense Defense Time % Phy DF OF
1 Matt Niskanen Matt Donovan 60 1 2 2
2 Cody Goloubef Thomas Hickey 40 1 2 2
4 vs 4 Forward
Center Wing Time % Phy DF OF
1 Anton Lander Eric Tangradi 60 1 2 2
2 Maxime Macenauer Benn Ferriero 40 1 2 2
4 vs 4 Defense
Defense Defense Time % Phy DF OF
1 Matt Niskanen Matt Donovan 60 1 2 2
2 Cody Goloubef Thomas Hickey 40 1 2 2
Last Minutes Offensive
Center Left Wing Right Wing Defense Defense
Anton Lander Eric Tangradi Jonathan Tremblay Matt Niskanen Thomas Hickey
Last Minutes Defensive
Center Left Wing Right Wing Defense Defense
Anton Lander Eric Tangradi Jonathan Tremblay Matt Niskanen Matt Donovan
Goaltenders
Starting : Anders Lindback
Backup : Calvin Pickard
Extra Forwards
Normal : Sven Baertschi, Logan Shaw, Joonas Donskoi - PP : Sven Baertschi, Logan Shaw - PK : Joonas Donskoi
Extra Defensemen
Normal : Ben Hutton, Darren Dietz, Dalton Thrower - PP : Ben Hutton - PK : Darren Dietz, Dalton Thrower
Penalty Shots
Eric Tangradi, Jonathan Tremblay, Anton Lander, Maxime Macenauer, Matt Beleskey
Scratches
Drayson Bowman (Sore Right Knee Injury), Mario Lucia (Healthy), Adam Lowry (Healthy), Derek Dorsett (Right Hand Injury), Marek Langhamer (Healthy)
% Time on Ice - Mustangs
Lines # - Real PCT - Wanted PCT - Time Play
Normal Forward
1 - 33% - 40% - 17:23
2 - 26% - 30% - 14:05
3 - 22% - 20% - 11:59
4 - 19% - 10% - 10:00
Normal Defense
1 - 41% - 44% - 21:47
2 - 32% - 33% - 17:10
3 - 27% - 23% - 14:30
4 - 0% - 0% - 0:00
PP Forward
1 - 61% - 60% - 2:34
2 - 39% - 40% - 1:39
PP Defense
1 - 62% - 60% - 2:36
2 - 38% - 40% - 1:37
PK Forward
1 - 50% - 60% - 0:03
2 - 50% - 40% - 0:03
PK Defense
1 - 100% - 60% - 0:06
2 - 0% - 40% - 0:00
PK3 Forward
1 - 0% - 60%
2 - 0% - 40%
PK3 Defense
1 - 0% - 60%
2 - 0% - 40%
44 Forward
1 - 76% - 60% - 1:26
2 - 24% - 40% - 0:27
44 Defense
1 - 58% - 60% - 1:06
2 - 42% - 40% - 0:47
Last Minute Offensive - 0:00
Last Minute Defensive - 0:21
Total
Forward - 60:00
Defense - 60:00
|
% Time on Ice - Mulligans
Lines # - Real PCT - Wanted PCT - Time Play
Normal Forward
1 - 33% - 40% - 17:35
2 - 28% - 30% - 14:59
3 - 23% - 20% - 12:13
4 - 16% - 10% - 8:40
Normal Defense
1 - 39% - 40% - 20:57
2 - 28% - 30% - 15:01
3 - 21% - 20% - 11:19
4 - 12% - 10% - 6:10
PP Forward
1 - 0% - 60% - 0:00
2 - 100% - 40% - 0:06
PP Defense
1 - 0% - 60% - 0:00
2 - 100% - 40% - 0:06
PK Forward
1 - 77% - 60% - 3:15
2 - 23% - 40% - 0:58
PK Defense
1 - 61% - 60% - 2:35
2 - 39% - 40% - 1:38
PK3 Forward
1 - 0% - 60%
2 - 0% - 40%
PK3 Defense
1 - 0% - 60%
2 - 0% - 40%
44 Forward
1 - 83% - 60% - 1:34
2 - 17% - 40% - 0:19
44 Defense
1 - 65% - 60% - 1:13
2 - 35% - 40% - 0:40
Last Minute Offensive - 0:21
Last Minute Defensive - 0:00
Total
Forward - 60:00
Defense - 60:00
|
Play by Play
1st period
0:01 of 1st period - Josh Jooris wins face-off versus Anton Lander in neutral zone.
0:10 of 1st period - Snap shot by Eric Tangradi.
0:10 of 1st period - Deflect By Anton Lander.
0:10 of 1st period - Stopped by Peter Mannino with a rebound.
0:14 of 1st period - Slapshot by Eric Tangradi.
0:14 of 1st period - Shot Misses the Net.
1:08 of 1st period - Wrist shot by Reid Boucher.
1:08 of 1st period - Stopped by Peter Mannino with a rebound.
1:34 of 1st period - Wrist shot by Josh Jooris.
1:34 of 1st period - Stopped by Anders Lindback without a rebound.
1:35 of 1st period - Anton Lander wins face-off versus Joshua Leivo in Mulligans zone.
1:35 of 1st period - Anton Lander is hit by Andrew Shaw.
1:41 of 1st period - Snap shot by Jonathan Tremblay.
1:41 of 1st period - Stopped by Peter Mannino without a rebound.
1:42 of 1st period - Jim O'Brien wins face-off versus Anton Lander in Mustangs zone.
2:03 of 1st period - Darren Dietz is hit by Joshua Leivo.
2:09 of 1st period - Derek Joslin is hit by Eric Tangradi and loses puck.
2:20 of 1st period - Slapshot by Anton Lander.
2:20 of 1st period - Shot Misses the Net.
2:22 of 1st period - Slapshot by Anton Lander.
2:22 of 1st period - Stopped by Peter Mannino without a rebound.
2:23 of 1st period - Matt Beleskey wins face-off versus Riley Sheahan in Mustangs zone.
2:34 of 1st period - Matt Beleskey is hit by Riley Sheahan and loses puck.
2:57 of 1st period - Snap shot by Justin Williams.
2:57 of 1st period - Shot Misses the Net.
2:59 of 1st period - Wrist shot by Alexei Marchenko.
2:59 of 1st period - Shot Misses the Net.
3:09 of 1st period - Wrist shot by Sven Baertschi.
3:09 of 1st period - Stopped by Peter Mannino with a rebound.
3:17 of 1st period - Slapshot by Rick Schofield.
3:17 of 1st period - Stopped by Anders Lindback without a rebound.
3:18 of 1st period - Maxime Macenauer wins face-off versus Riley Sheahan in Mulligans zone.
3:47 of 1st period - Wrist shot by Andrew Shaw.
3:47 of 1st period - Stopped by Anders Lindback with a rebound.
4:32 of 1st period - Off-side.
4:33 of 1st period - Riley Sheahan wins face-off versus Anton Lander in neutral zone.
4:36 of 1st period - Wrist shot by Josh Jooris.
4:36 of 1st period - Stopped by Anders Lindback with a rebound.
4:46 of 1st period - Wrist shot by Eric Tangradi.
4:46 of 1st period - Shot Misses the Net.
4:48 of 1st period - Slapshot by Thomas Hickey.
4:48 of 1st period - Deflect By Eric Tangradi.
4:48 of 1st period - Deflect By Brady Skjei.
4:48 of 1st period - Shot Blocked by Cameron Gaunce.
4:48 of 1st period - Puck is out of play.
4:49 of 1st period - Maxime Macenauer wins face-off versus Jim O'Brien in Mustangs zone.
4:56 of 1st period - Snap shot by Andrew Shaw.
4:56 of 1st period - Stopped by Anders Lindback with a rebound.
4:58 of 1st period - Wrist shot by Andrew Shaw.
4:58 of 1st period - Stopped by Anders Lindback with a rebound.
5:00 of 1st period - Snap shot by Alexei Marchenko.
5:00 of 1st period - Shot Hit the Post.
5:02 of 1st period - Snap shot by Jim O'Brien.
5:02 of 1st period - Shot Misses the Net.
5:04 of 1st period - Snap shot by Andrew Shaw.
5:04 of 1st period - Stopped by Anders Lindback without a rebound.
5:05 of 1st period - Riley Sheahan wins face-off versus Anton Lander in Mulligans zone.
5:30 of 1st period - Andreas Athanasiou is hit by Logan Shaw and loses puck.
6:55 of 1st period - Off-side.
6:56 of 1st period - Logan Shaw wins face-off versus Andreas Athanasiou in neutral zone.
7:20 of 1st period - Curtis Hamilton is hit by Sven Baertschi and loses puck.
7:37 of 1st period - Snap shot by Matt Niskanen.
7:37 of 1st period - Shot Misses the Net.
8:08 of 1st period - Snap shot by Sven Baertschi.
8:08 of 1st period - Shot Misses the Net.
8:30 of 1st period - Slapshot by Justin Williams.
8:30 of 1st period - Stopped by Anders Lindback with a rebound.
8:32 of 1st period - Slapshot by Derek Joslin.
8:32 of 1st period - Deflect By Matt Niskanen.
8:32 of 1st period - Stopped by Anders Lindback with a rebound.
8:40 of 1st period - Slapshot by Matt Niskanen.
8:40 of 1st period - Deflect By Derek Joslin.
8:40 of 1st period - Stopped by Peter Mannino without a rebound.
8:41 of 1st period - Josh Jooris wins face-off versus Anton Lander in Mustangs zone.
8:41 of 1st period - Josh Jooris is hit by Eric Tangradi.
8:46 of 1st period - Minor Penalty to Cade Fairchild for High sticking.
8:47 of 1st period - Riley Sheahan wins face-off versus Anton Lander in Mulligans zone.
8:55 of 1st period - Snap shot by Riley Sheahan.
8:55 of 1st period - Deflect By Josh Jooris.
8:55 of 1st period - Goal by Josh Jooris - Mustangs : 1 - Mulligans : 0.
8:56 of 1st period - Anton Lander wins face-off versus Riley Sheahan in neutral zone.
9:09 of 1st period - Icing by Cameron Gaunce.
9:10 of 1st period - Riley Sheahan wins face-off versus Matt Beleskey in Mustangs zone.
9:58 of 1st period - Snap shot by Joshua Leivo.
9:58 of 1st period - Stopped by Anders Lindback without a rebound.
9:59 of 1st period - Rick Schofield wins face-off versus Nick Shore in Mulligans zone.
10:04 of 1st period - Slapshot by Francis Paré.
10:04 of 1st period - Stopped by Anders Lindback with a rebound.
10:24 of 1st period - Cade Fairchild is hit by Joshua Leivo and loses puck.
10:31 of 1st period - Snap shot by Reid Boucher.
10:31 of 1st period - Shot Misses the Net.
10:33 of 1st period - Snap shot by Reid Boucher.
10:33 of 1st period - Stopped by Peter Mannino without a rebound.
10:34 of 1st period - Anton Lander wins face-off versus Riley Sheahan in Mustangs zone.
12:14 of 1st period - Wrist shot by Matt Beleskey.
12:14 of 1st period - Stopped by Peter Mannino with a rebound.
12:16 of 1st period - Slapshot by Cody Goloubef.
12:16 of 1st period - Shot Misses the Net.
12:48 of 1st period - Snap shot by Joshua Leivo.
12:48 of 1st period - Shot Misses the Net.
13:02 of 1st period - Alexei Marchenko is hit by Ben Hutton and loses puck.
13:15 of 1st period - Wrist shot by Jonathan Tremblay.
13:15 of 1st period - Stopped by Peter Mannino with a rebound.
13:37 of 1st period - Slapshot by Derek Joslin.
13:37 of 1st period - Stopped by Anders Lindback with a rebound.
13:39 of 1st period - Slapshot by Derek Joslin.
13:39 of 1st period - Stopped by Anders Lindback with a rebound.
13:41 of 1st period - Wrist shot by Derek Joslin.
13:41 of 1st period - Deflect By Justin Williams.
13:41 of 1st period - Shot Blocked by Benn Ferriero.
13:41 of 1st period - Puck is out of play.
13:42 of 1st period - Anton Lander wins face-off versus Riley Sheahan in Mulligans zone.
13:42 of 1st period - Anton Lander is hit by Marcus Foligno.
13:58 of 1st period - Slapshot by Josh Jooris.
13:58 of 1st period - Deflect By Marcus Foligno.
13:58 of 1st period - Stopped by Anders Lindback without a rebound.
13:59 of 1st period - Matt Beleskey wins face-off versus Jim O'Brien in Mulligans zone.
14:06 of 1st period - Snap shot by Benn Ferriero.
14:06 of 1st period - Shot Misses the Net.
14:50 of 1st period - Joonas Donskoi is hit by Derek Joslin and loses puck.
15:32 of 1st period - Slapshot by Benn Ferriero.
15:32 of 1st period - Stopped by Peter Mannino without a rebound.
15:33 of 1st period - Eric Tangradi wins face-off versus Riley Sheahan in Mustangs zone.
15:36 of 1st period - Slapshot by Eric Tangradi.
15:36 of 1st period - Shot Misses the Net.
15:38 of 1st period - Snap shot by Thomas Hickey.
15:38 of 1st period - Shot Misses the Net.
15:40 of 1st period - Slapshot by Thomas Hickey.
15:40 of 1st period - Stopped by Peter Mannino without a rebound.
15:41 of 1st period - Riley Sheahan wins face-off versus Anton Lander in Mustangs zone.
16:14 of 1st period - Icing by Brady Skjei.
16:15 of 1st period - Jim O'Brien wins face-off versus Maxime Macenauer in Mustangs zone.
16:20 of 1st period - Benn Ferriero is hit by Cameron Gaunce and loses puck.
17:16 of 1st period - Icing by Mark Pysyk.
17:17 of 1st period - Maxime Macenauer wins face-off versus Rick Schofield in Mustangs zone.
17:26 of 1st period - Slapshot by Matt Beleskey.
17:26 of 1st period - Shot Misses the Net.
17:29 of 1st period - Icing by Mark Pysyk.
17:30 of 1st period - Anton Lander wins face-off versus Rick Schofield in Mustangs zone.
17:31 of 1st period - Snap shot by Eric Tangradi.
17:31 of 1st period - Stopped by Peter Mannino with a rebound.
17:41 of 1st period - Slapshot by Rick Schofield.
17:41 of 1st period - Stopped by Anders Lindback without a rebound.
17:42 of 1st period - Anton Lander wins face-off versus Riley Sheahan in Mulligans zone.
17:49 of 1st period - Marcus Foligno is hit by Eric Tangradi and loses puck.
17:58 of 1st period - Snap shot by Anton Lander.
17:58 of 1st period - Shot Misses the Net.
18:21 of 1st period - Wrist shot by Riley Sheahan.
18:21 of 1st period - Shot Misses the Net.
18:33 of 1st period - Benn Ferriero is hit by Cameron Gaunce and loses puck.
18:58 of 1st period - Slapshot by Matt Donovan.
18:58 of 1st period - Shot Blocked by Brady Skjei.
19:15 of 1st period - Icing by Jonathan Tremblay.
19:16 of 1st period - Eric Tangradi wins face-off versus Francis Paré in Mulligans zone.
19:45 of 1st period - Snap shot by Anton Lander.
19:45 of 1st period - Deflect By Eric Tangradi.
19:45 of 1st period - Stopped by Peter Mannino with a rebound.
Goals for this period are 1 for Mustangs vs 0 for Mulligans.
Shots for this period are 16 for Mustangs vs 13 for Mulligans.
2nd period
0:01 of 2nd period - Riley Sheahan wins face-off versus Anton Lander in neutral zone.
0:04 of 2nd period - Jonathan Tremblay is hit by Marcus Foligno and loses puck.
0:13 of 2nd period - Snap shot by Eric Tangradi.
0:13 of 2nd period - Stopped by Peter Mannino with a rebound.
0:15 of 2nd period - Slapshot by Matt Donovan.
0:15 of 2nd period - Stopped by Peter Mannino with a rebound.
0:27 of 2nd period - Matt Donovan is hit by Mark Pysyk and loses puck.
0:51 of 2nd period - Snap shot by Rick Schofield.
0:51 of 2nd period - Shot Misses the Net.
0:53 of 2nd period - Wrist shot by Derek Joslin.
0:53 of 2nd period - Stopped by Anders Lindback with a rebound.
0:55 of 2nd period - Slapshot by Scott Mayfield.
0:55 of 2nd period - Shot Misses the Net.
0:57 of 2nd period - Wrist shot by Raphael Bussieres.
0:57 of 2nd period - Goal by Raphael Bussieres - Mustangs : 2 - Mulligans : 0.
0:58 of 2nd period - Riley Sheahan wins face-off versus Anton Lander in neutral zone.
1:50 of 2nd period - Slapshot by Justin Williams.
1:50 of 2nd period - Deflect By Andreas Athanasiou.
1:50 of 2nd period - Stopped by Anders Lindback without a rebound.
1:51 of 2nd period - Christoph Bertschy wins face-off versus Riley Sheahan in Mulligans zone.
2:16 of 2nd period - Eric Tangradi is hit by Jim O'Brien.
2:56 of 2nd period - Brady Skjei is hit by Joonas Donskoi and loses puck.
3:05 of 2nd period - Slapshot by Cameron Gaunce.
3:05 of 2nd period - Stopped by Anders Lindback without a rebound.
3:06 of 2nd period - Anton Lander wins face-off versus Riley Sheahan in Mulligans zone.
3:14 of 2nd period - Off-side.
3:15 of 2nd period - Riley Sheahan wins face-off versus Anton Lander in neutral zone.
3:18 of 2nd period - Eric Tangradi is hit by Josh Jooris and loses puck.
3:34 of 2nd period - Marcus Foligno is hit by Darren Dietz and loses puck.
4:36 of 2nd period - Snap shot by Marcus Foligno.
4:36 of 2nd period - Shot Blocked by Eric Tangradi.
5:06 of 2nd period - Snap shot by Riley Sheahan.
5:06 of 2nd period - Stopped by Anders Lindback with a rebound.
5:19 of 2nd period - Off-side.
5:20 of 2nd period - Maxime Macenauer wins face-off versus Jim O'Brien in neutral zone.
5:24 of 2nd period - Slapshot by Matt Niskanen.
5:24 of 2nd period - Shot Misses the Net.
5:26 of 2nd period - Snap shot by Maxime Macenauer.
5:26 of 2nd period - Stopped by Peter Mannino with a rebound.
5:46 of 2nd period - Matt Donovan is hit by Andreas Athanasiou and loses puck.
5:51 of 2nd period - Snap shot by Justin Williams.
5:51 of 2nd period - Shot Blocked by Matt Niskanen.
6:10 of 2nd period - Wrist shot by Nick Shore.
6:10 of 2nd period - Shot Misses the Net.
6:30 of 2nd period - Snap shot by Francis Paré.
6:30 of 2nd period - Stopped by Anders Lindback with a rebound.
6:32 of 2nd period - Snap shot by Raphael Bussieres.
6:32 of 2nd period - Stopped by Anders Lindback with a rebound.
6:34 of 2nd period - Slapshot by Derek Joslin.
6:34 of 2nd period - Deflect By Matt Beleskey.
6:34 of 2nd period - Stopped by Anders Lindback without a rebound.
6:35 of 2nd period - Christoph Bertschy wins face-off versus Jim O'Brien in Mulligans zone.
6:40 of 2nd period - Andrew Shaw is hit by Logan Shaw and loses puck.
8:53 of 2nd period - Brady Skjei is hit by Ben Hutton and loses puck.
10:05 of 2nd period - Darren Dietz is hit by Cameron Gaunce and loses puck.
10:18 of 2nd period - Dalton Thrower is hit by Raphael Bussieres and loses puck.
10:41 of 2nd period - Wrist shot by Matt Beleskey.
10:41 of 2nd period - Stopped by Peter Mannino with a rebound.
10:43 of 2nd period - Snap shot by Matt Beleskey.
10:43 of 2nd period - Shot Misses the Net.
11:18 of 2nd period - Snap shot by Andrew Shaw.
11:18 of 2nd period - Stopped by Anders Lindback with a rebound.
11:20 of 2nd period - Wrist shot by Jim O'Brien.
11:20 of 2nd period - Stopped by Anders Lindback without a rebound.
11:21 of 2nd period - Maxime Macenauer wins face-off versus Andreas Athanasiou in Mulligans zone.
11:21 of 2nd period - Maxime Macenauer is hit by Cameron Gaunce.
11:27 of 2nd period - Slapshot by Brady Skjei.
11:27 of 2nd period - Shot Blocked by Thomas Hickey.
11:29 of 2nd period - Slapshot by Andreas Athanasiou.
11:29 of 2nd period - Goal by Andreas Athanasiou - Mustangs : 3 - Mulligans : 0.
11:30 of 2nd period - Riley Sheahan wins face-off versus Anton Lander in neutral zone.
12:01 of 2nd period - Wrist shot by Matt Beleskey.
12:01 of 2nd period - Stopped by Peter Mannino without a rebound.
12:02 of 2nd period - Maxime Macenauer wins face-off versus Jim O'Brien in Mustangs zone.
12:05 of 2nd period - Snap shot by Matt Beleskey.
12:05 of 2nd period - Goal by Matt Beleskey - Mustangs : 3 - Mulligans : 1.
12:06 of 2nd period - Anton Lander wins face-off versus Riley Sheahan in neutral zone.
12:55 of 2nd period - Thomas Hickey is hit by Mark Pysyk and loses puck.
13:02 of 2nd period - Snap shot by Curtis Hamilton.
13:02 of 2nd period - Shot Misses the Net.
13:04 of 2nd period - Slapshot by Alexei Marchenko.
13:04 of 2nd period - Stopped by Anders Lindback with a rebound.
13:06 of 2nd period - Wrist shot by Justin Williams.
13:06 of 2nd period - Shot Misses the Net.
13:19 of 2nd period - Off-side.
13:20 of 2nd period - Nick Shore wins face-off versus Rick Schofield in neutral zone.
13:31 of 2nd period - Wrist shot by Cade Fairchild.
13:31 of 2nd period - Stopped by Peter Mannino with a rebound.
13:33 of 2nd period - Slapshot by Ben Hutton.
13:33 of 2nd period - Shot Misses the Net.
13:35 of 2nd period - Slapshot by Cade Fairchild.
13:35 of 2nd period - Stopped by Peter Mannino with a rebound.
13:37 of 2nd period - Backhand shot by Cade Fairchild.
13:37 of 2nd period - Shot Misses the Net.
13:39 of 2nd period - Wrist shot by Nick Shore.
13:39 of 2nd period - Shot Misses the Net.
13:41 of 2nd period - Slapshot by Cade Fairchild.
13:41 of 2nd period - Stopped by Peter Mannino with a rebound.
13:45 of 2nd period - Slapshot by Joonas Donskoi.
13:45 of 2nd period - Shot Misses the Net.
13:47 of 2nd period - Slapshot by Matt Niskanen.
13:47 of 2nd period - Stopped by Peter Mannino with a rebound.
13:51 of 2nd period - Wrist shot by Joonas Donskoi.
13:51 of 2nd period - Stopped by Peter Mannino without a rebound.
13:52 of 2nd period - Anton Lander wins face-off versus Riley Sheahan in Mustangs zone.
14:07 of 2nd period - Derek Joslin is hit by Anton Lander.
14:17 of 2nd period - Thomas Hickey is hit by Jim O'Brien and loses puck.
15:30 of 2nd period - Slapshot by Eric Tangradi.
15:30 of 2nd period - Deflect By Marcus Foligno.
15:30 of 2nd period - Stopped by Peter Mannino with a rebound.
16:32 of 2nd period - Wrist shot by Rick Schofield.
16:32 of 2nd period - Stopped by Anders Lindback without a rebound.
16:33 of 2nd period - Logan Shaw wins face-off versus Francis Paré in Mulligans zone.
16:48 of 2nd period - Snap shot by Francis Paré.
16:48 of 2nd period - Deflect By Rick Schofield.
16:48 of 2nd period - Stopped by Anders Lindback with a rebound.
16:55 of 2nd period - Minor Penalty to Matt Niskanen for Holding.
16:56 of 2nd period - Anton Lander wins face-off versus Josh Jooris in Mulligans zone.
17:04 of 2nd period - Wrist shot by Riley Sheahan.
17:04 of 2nd period - Shot Misses the Net.
17:06 of 2nd period - Slapshot by Cameron Gaunce.
17:06 of 2nd period - Deflect By Josh Jooris.
17:06 of 2nd period - Shot Misses the Net.
17:06 of 2nd period - Puck is out of play.
17:07 of 2nd period - Riley Sheahan wins face-off versus Anton Lander in Mulligans zone.
17:21 of 2nd period - Icing by Cameron Gaunce.
17:22 of 2nd period - Anton Lander wins face-off versus Riley Sheahan in Mustangs zone.
18:55 of 2nd period - Penalty to Matt Niskanen is over, Matt Niskanen is back on ice.
19:22 of 2nd period - Slapshot by Brady Skjei.
19:22 of 2nd period - Deflect By Francis Paré.
19:22 of 2nd period - Shot Misses the Net.
19:22 of 2nd period - Puck is out of play.
19:23 of 2nd period - Maxime Macenauer wins face-off versus Andreas Athanasiou in Mulligans zone.
19:32 of 2nd period - Wrist shot by Benn Ferriero.
19:32 of 2nd period - Stopped by Peter Mannino with a rebound.
19:45 of 2nd period - Icing by Maxime Macenauer.
19:46 of 2nd period - Nick Shore wins face-off versus Jim O'Brien in Mulligans zone.
19:56 of 2nd period - Off-side.
19:57 of 2nd period - Maxime Macenauer wins face-off versus Riley Sheahan in neutral zone.
Goals for this period are 2 for Mustangs vs 1 for Mulligans.
Shots for this period are 14 for Mustangs vs 13 for Mulligans.
3rd period
0:01 of 3rd period - Anton Lander wins face-off versus Riley Sheahan in neutral zone.
0:40 of 3rd period - Matt Niskanen is hit by Andrew Shaw and loses puck.
1:18 of 3rd period - Snap shot by Josh Jooris.
1:18 of 3rd period - Stopped by Anders Lindback without a rebound.
1:19 of 3rd period - Anton Lander wins face-off versus Jim O'Brien in Mulligans zone.
1:34 of 3rd period - Snap shot by Eric Tangradi.
1:34 of 3rd period - Shot Misses the Net.
1:46 of 3rd period - Matt Beleskey is hit by Josh Jooris and loses puck.
2:15 of 3rd period - Snap shot by Logan Shaw.
2:15 of 3rd period - Stopped by Peter Mannino with a rebound.
3:09 of 3rd period - Slapshot by Maxime Macenauer.
3:09 of 3rd period - Deflect By Matt Beleskey.
3:09 of 3rd period - Stopped by Peter Mannino with a rebound.
3:19 of 3rd period - Wrist shot by Josh Jooris.
3:19 of 3rd period - Shot Blocked by Thomas Hickey.
3:56 of 3rd period - Slapshot by Joonas Donskoi.
3:56 of 3rd period - Stopped by Peter Mannino with a rebound.
4:22 of 3rd period - Backhand shot by Eric Tangradi.
4:22 of 3rd period - Shot Misses the Net.
4:32 of 3rd period - Slapshot by Rick Schofield.
4:32 of 3rd period - Shot Misses the Net.
5:28 of 3rd period - Wrist shot by Eric Tangradi.
5:28 of 3rd period - Shot Misses the Net.
5:30 of 3rd period - Wrist shot by Eric Tangradi.
5:30 of 3rd period - Goal by Eric Tangradi - Mustangs : 3 - Mulligans : 2.
5:31 of 3rd period - Jonathan Tremblay wins face-off versus Riley Sheahan in neutral zone.
6:12 of 3rd period - Derek Joslin is hit by Cody Goloubef and loses puck.
6:21 of 3rd period - Slapshot by Christoph Bertschy.
6:21 of 3rd period - Shot Misses the Net.
6:23 of 3rd period - Slapshot by Logan Shaw.
6:23 of 3rd period - Shot Blocked by Scott Mayfield.
6:44 of 3rd period - Justin Williams is hit by Dalton Thrower and loses puck.
8:12 of 3rd period - Joonas Donskoi is hit by Andrew Shaw and loses puck.
9:00 of 3rd period - Wrist shot by Brady Skjei.
9:00 of 3rd period - Stopped by Anders Lindback with a rebound.
9:02 of 3rd period - Slapshot by Brady Skjei.
9:02 of 3rd period - Shot Blocked by Christoph Bertschy.
9:04 of 3rd period - Backhand shot by Riley Sheahan.
9:04 of 3rd period - Stopped by Anders Lindback without a rebound.
9:05 of 3rd period - Anton Lander wins face-off versus Jim O'Brien in Mulligans zone.
9:14 of 3rd period - Snap shot by Jim O'Brien.
9:14 of 3rd period - Deflect By Joshua Leivo.
9:14 of 3rd period - Shot Misses the Net.
9:14 of 3rd period - Puck is out of play.
9:15 of 3rd period - Jim O'Brien wins face-off versus Anton Lander in Mulligans zone.
9:20 of 3rd period - Snap shot by Jim O'Brien.
9:20 of 3rd period - Shot Blocked by Cody Goloubef.
9:22 of 3rd period - Wrist shot by Jim O'Brien.
9:22 of 3rd period - Stopped by Anders Lindback with a rebound.
9:24 of 3rd period - Wrist shot by Mark Pysyk.
9:24 of 3rd period - Shot Blocked by Anton Lander.
9:26 of 3rd period - Snap shot by Alexei Marchenko.
9:26 of 3rd period - Shot Blocked by Anton Lander.
9:28 of 3rd period - Slapshot by Joshua Leivo.
9:28 of 3rd period - Stopped by Anders Lindback without a rebound.
9:29 of 3rd period - Riley Sheahan wins face-off versus Anton Lander in Mulligans zone.
10:41 of 3rd period - Wrist shot by Brady Skjei.
10:41 of 3rd period - Shot Blocked by Ben Hutton.
10:43 of 3rd period - Minor Penalty to Nick Shore for Roughing.
10:44 of 3rd period - Anton Lander wins face-off versus Riley Sheahan in Mulligans zone.
12:43 of 3rd period - Penalty to Nick Shore is over, Nick Shore is back on ice.
13:12 of 3rd period - Slapshot by Brady Skjei.
13:12 of 3rd period - Stopped by Anders Lindback with a rebound.
13:14 of 3rd period - Slapshot by Andreas Athanasiou.
13:14 of 3rd period - Stopped by Anders Lindback without a rebound.
13:15 of 3rd period - Nick Shore wins face-off versus Andreas Athanasiou in Mulligans zone.
13:24 of 3rd period - Slapshot by Derek Joslin.
13:24 of 3rd period - Stopped by Anders Lindback with a rebound.
13:26 of 3rd period - Slapshot by Derek Joslin.
13:26 of 3rd period - Shot Blocked by Cody Goloubef.
13:28 of 3rd period - Wrist shot by Justin Williams.
13:28 of 3rd period - Stopped by Anders Lindback with a rebound.
13:30 of 3rd period - Backhand shot by Justin Williams.
13:30 of 3rd period - Stopped by Anders Lindback without a rebound.
13:31 of 3rd period - Riley Sheahan wins face-off versus Anton Lander in Mulligans zone.
14:59 of 3rd period - Brady Skjei is hit by Matt Niskanen and loses puck.
15:22 of 3rd period - Snap shot by Maxime Macenauer.
15:22 of 3rd period - Stopped by Peter Mannino with a rebound.
15:24 of 3rd period - Slapshot by Cody Goloubef.
15:24 of 3rd period - Stopped by Peter Mannino without a rebound.
15:25 of 3rd period - Jim O'Brien wins face-off versus Maxime Macenauer in Mustangs zone.
15:43 of 3rd period - Snap shot by Maxime Macenauer.
15:43 of 3rd period - Shot Misses the Net.
15:45 of 3rd period - Snap shot by Benn Ferriero.
15:45 of 3rd period - Stopped by Peter Mannino with a rebound.
15:47 of 3rd period - Wrist shot by Matt Beleskey.
15:47 of 3rd period - Stopped by Peter Mannino without a rebound.
15:48 of 3rd period - Anton Lander wins face-off versus Riley Sheahan in Mustangs zone.
16:01 of 3rd period - Off-side.
16:02 of 3rd period - Anton Lander wins face-off versus Riley Sheahan in neutral zone.
16:05 of 3rd period - Snap shot by Cody Goloubef.
16:05 of 3rd period - Stopped by Peter Mannino without a rebound.
16:06 of 3rd period - Riley Sheahan wins face-off versus Anton Lander in Mustangs zone.
16:13 of 3rd period - Backhand shot by Brady Skjei.
16:13 of 3rd period - Stopped by Anders Lindback with a rebound.
16:31 of 3rd period - Eric Tangradi is hit by Andreas Athanasiou and loses puck.
16:40 of 3rd period - Slapshot by Cody Goloubef.
16:40 of 3rd period - Deflect By Eric Tangradi.
16:40 of 3rd period - Shot Misses the Net.
16:40 of 3rd period - Puck is out of play.
16:41 of 3rd period - Maxime Macenauer wins face-off versus Riley Sheahan in Mustangs zone.
17:26 of 3rd period - Minor Penalty to Logan Shaw for Goalie Interference.
17:27 of 3rd period - Anton Lander wins face-off versus Riley Sheahan in Mulligans zone.
17:32 of 3rd period - Minor Penalty to Josh Jooris for Hooking.
17:33 of 3rd period - Riley Sheahan wins face-off versus Anton Lander in Mustangs zone.
17:42 of 3rd period - Backhand shot by Brady Skjei.
17:42 of 3rd period - Shot Blocked by Eric Tangradi.
17:48 of 3rd period - Slapshot by Matt Donovan.
17:48 of 3rd period - Stopped by Peter Mannino with a rebound.
18:47 of 3rd period - Alexei Marchenko is hit by Matt Donovan and loses puck.
19:26 of 3rd period - Penalty to Logan Shaw is over, Logan Shaw is back on ice.
19:32 of 3rd period - Penalty to Josh Jooris is over, Josh Jooris is back on ice.
19:38 of 3rd period - Slapshot by Brady Skjei.
19:38 of 3rd period - Stopped by Anders Lindback without a rebound.
19:39 of 3rd period - Andy Murray call a timeout for Mulligans.
19:39 of 3rd period - Anton Lander wins face-off versus Riley Sheahan in Mulligans zone.
19:39 of 3rd period - Anton Lander is hit by Cameron Gaunce.
19:45 of 3rd period - Mulligans, Anders Lindback is pulled from the net.
19:47 of 3rd period - Snap shot by Anton Lander.
19:47 of 3rd period - Stopped by Peter Mannino without a rebound.
19:48 of 3rd period - Anton Lander wins face-off versus Riley Sheahan in Mustangs zone.
19:49 of 3rd period - Snap shot by Eric Tangradi.
19:49 of 3rd period - Stopped by Peter Mannino with a rebound.
Goals for this period are 0 for Mustangs vs 1 for Mulligans.
Shots for this period are 12 for Mustangs vs 12 for Mulligans.
Back to the Top